 Dungeon Sprint DCSS version 0.29-a0-284-gf9362112df (webtiles) character file.

Game seed: 12686922037360662674

223117 mhtbhm the Axe Maniac (level 17, -23/228 HPs)
             Began as a Minotaur Berserker on Mar 19, 2022.
             Was the Champion of Trog.
             Killed from afar by Ereshkigal (38 damage)
             ... with a bolt of cold
             ... in the Dungeon (Sprint III: "The Ten Rune Challenge") on Mar 20, 2022.
             The game lasted 00:31:44 (19847 turns).

mhtbhm the Axe Maniac (Minotaur Berserker)         Turns: 19847, Time: 00:31:45

Health: -23/228    AC: 31    Str: 34    XL:     17   Next: 56%
Magic:  3/16       EV: 22    Int:  5    God:    Trog [******]
Gold:   4274       SH: 37    Dex: 11    Spells: 16/16 levels left

rFire   + + +      SeeInvis .   F - +8 broad axe of Woisois {speed, rCorr}
rCold   . . .      Faith    .   P - +13 tower shield of Resilience {Harm rF+ Str+5}
rNeg    . . .      Spirit   .   b - +2 plate armour {rF+}
rPois   .          Reflect  .   A - +1 hat {Int+3}
rElec   .          Harm     +   N - +4 dragonskin cloak
rCorr   +          Rampage  .   (no gloves)
Will    +++..      NoTele   +   (no boots)
Stlth   ..........              (no amulet)
HPRegen 0.48/turn               m - ring "Uzajeshre" {Will+ EV+4 Slay+2}
MPRegen 0.15/turn               H - ring of protection from fire

@: mighty, berserking, hasted, very quick
A: horns 2, retaliatory headbutt, dopey 1, frail 2, strong-willed 1
}: 3/10 runes: serpentine, barnacled, silver
a: Renounce Religion, Berserk, Trog's Hand, Brothers in Arms


You were in the Dungeon.
You worshipped Trog.
Trog was exalted by your worship.
You visited 1 branch You collected 7191 gold pieces.
You spent 2917 gold pieces at shops.

Inventory:

Hand Weapons
 a - the +11 executioner's axe "Ciutoic" {flame, Contam rPois rCorr}
   (Trog gifted it to you in the Dungeon)

   It burns those it strikes, dealing additional fire damage.
   Big, fiery blades are also staple armaments of hydra-hunters.
   rPois:     It protects you from poison.
   Contam:    It causes magical contamination when unequipped.
   rCorr:     It protects you from acid and corrosion.
 h - the +9 battleaxe of Dim Light {vorpal, Fly rElec Stlth-}
   (Trog gifted it to you in the Dungeon)

   It inflicts extra damage upon your enemies.
   rElec:     It insulates you from electricity.
   Fly:       It grants you flight.
   Stlth:     It makes you less stealthy.
 j - a +5 trishula of holy wrath
 F - the +8 broad axe of Woisois (weapon) {speed, rCorr}
   (You found it in the Dungeon)

   Attacks with this weapon are significantly faster.
   rCorr:     It protects you from acid and corrosion.
Missiles
 c - 9 javelins
 q - 7 curare-tipped darts (quivered)
 u - 12 silver javelins
Armour
 b - a +2 plate armour of fire resistance (worn)
 A - a +1 hat of intelligence (worn)
 G - a +6 tower shield of reflection
 N - the +4 dragonskin cloak (worn)
   (You took it off Tiamat in the Dungeon)

   It grants the wearer a chance to resist fire, cold, poison, electricity,
   acid, and negative energy.
 P - the +13 tower shield of Resilience (worn) {Harm rF+ Str+5}
   (You found it in the Dungeon)

   Str:       It affects your strength (+5).
   rF:        It protects you from fire.
   Harm:      It increases damage dealt and taken.
Jewellery
 m - the ring "Uzajeshre" (left hand) {Will+ EV+4 Slay+2}
   (You bought it in a shop in the Dungeon)

   [ring of evasion]

   EV:        It affects your evasion (+4).
   Slay:      It affects your accuracy & damage with ranged weapons and melee
   (+2).
   Will:      It increases your willpower.
 w - a ring of ice
 y - a ring of protection from cold
 H - a ring of protection from fire (right hand)
 K - a ring of flight
Wands
 k - a wand of mindburst (33)
 v - a wand of flame (14)
 x - a wand of polymorph (5)
 I - a wand of iceblast (13)
 M - a wand of digging (1)
Scrolls
 r - 2 scrolls of holy word
 s - a scroll of blinking
 E - a scroll of vulnerability
 L - a scroll of identify
 O - 4 scrolls of enchant armour
Potions
 d - a potion of heal wounds
 f - 3 potions of magic
 g - a potion of degeneration {unknown}
 i - 3 potions of mutation
 n - 3 potions of flight
 t - 7 potions of curing
 z - a potion of lignification
 B - a potion of invisibility
 C - 3 potions of resistance
 D - 2 potions of attraction
Miscellaneous
 o - a phantom mirror
 p - a tin of tremorstones (2/2)
 J - the horn of Geryon


   Skills:
 O Level 27 Fighting
 O Level 27 Axes
 + Level 4.6 Throwing
 O Level 27 Armour
 + Level 25.9 Dodging
 + Level 21.8 Stealth
 O Level 27 Shields
 + Level 15.3 Evocations


You had 16 spell levels left.
You didn't know any spells.
Your spell library was empty.

Dungeon Overview and Level Annotations

Branches:
Dungeon (1/1)

Altars:
Cheibriados
Dithmenos
Elyvilon
Fedhas
Gozag
Hepliaklqana
Kikubaaqudgha
Makhleb
Nemelex Xobeh
Okawaru
Qazlal
Ru
Sif Muna
Trog
Uskayaw
Vehumet
Wu Jian
Xom
Yredelemnul
Zin
The Shining One
Beogh
Jiyva
Lugonu

Shops:
D :?(![*:[[[[[![(!::???=(

Annotations:
D Ereshkigal


Innate Abilities, Weirdness & Mutations

You have a pair of horns on your head.
You reflexively headbutt those who attack you in melee.
You are dopey. (Int -2)
You are very frail. (-20% HP)
You are strong-willed. (Will+)


Message History

Ereshkigal gestures.
Ereshkigal is healed.
Unknown command.
You miss Ereshkigal.
Ereshkigal is lightly wounded.
You slice Ereshkigal!!
Ereshkigal is lightly wounded.
You cut the guardian mummy into ribbons!!!
You destroy the guardian mummy!
Trog accepts your kill.
You feel extremely nervous for a moment...
Pain shoots through your body.
* * * LOW HITPOINT WARNING * * *
Press: ? - help, v - describe, . - travel, g - get item
Here: Ereshkigal (purple smoke, lightly wounded) Item here: a +5 antimagic hand axe.
The floor.
You cut Ereshkigal into ribbons!!! Your headbutt misses Ereshkigal.
Ereshkigal is moderately wounded.
Ereshkigal barely misses you. You furiously retaliate!
You headbutt Ereshkigal! You miss Ereshkigal.
Ereshkigal is moderately wounded.
You slice Ereshkigal!! Your headbutt misses Ereshkigal.
Ereshkigal is heavily wounded.
You block Ereshkigal's attack.
You hit Ereshkigal. Your headbutt misses Ereshkigal.
Ereshkigal is heavily wounded.
Unknown command.
You cut Ereshkigal into ribbons!!!
Ereshkigal is severely wounded.
You block Ereshkigal's attack.
You slice Ereshkigal!! Your headbutt misses Ereshkigal.
Ereshkigal is severely wounded.
You completely miss Ereshkigal. Your headbutt misses Ereshkigal.
Ereshkigal is severely wounded.
You slice Ereshkigal!! Your headbutt misses Ereshkigal.
Ereshkigal is severely wounded.
Ereshkigal gestures at you. The bolt of cold hits you!!
You die...

............)..()..........'...).
............))))...........#...##
...........)...............#...#
######+#############'############
***≈≈≈≈≈≈≈≈≈*#§§.#.§§§#...##.....
*,+≈***≈≈****#§§)'..§§§§§§##.....
***≈*,*≈≈*,* #§.§#§§§§#§§§##.....
≈≈≈≈*+*≈≈*+**##'########'###.....
≈≈≈≈≈≈≈≈≈≈≈≈* #&@§§.§....# #.....
≈≈≈≈***≈≈≈≈≈*##§##########*#.###.
***≈*,+≈≈*+**#§§§#§M.M§§,,*#.#^#.
*,+≈***≈≈*,* #§§§MM§§§§,,,*#.###.
***≈≈≈≈≈≈*** #§§§#M&M§MM§,*#.....
******** ###########***######


You could see Ereshkigal.

Vanquished Creatures
  Gloorx Vloq (D)
  the Serpent of Hell (D)
  Tiamat (D)
  An ancient lich (D)
  Mennas (D)
  Boris (D)
  4 royal mummies (D)
  Sojobo (D)
  Sigmund (D)
  A Killer Klown (D)
  Geryon (D)
  2 bone dragons (D)
  A Brimstone Fiend (D)
  An electric golem (D)
  An iron giant (D)
  A Hell Sentinel (D)
  Rupert (D)
  A lich (D)
  2 Orb Guardians (D)
  A titan (D)
  A quicksilver dragon (D)
  4 deep elf blademasters (D)
  An Executioner (D)
  A kraken (D)
  Gastronok (D)
  2 sphinxes (D)
  2 shadow dragons (D)
  Chuck (D)
  Roxanne (D)
  A nagaraja (D)
  2 fire giants (D)
  2 draconian scorchers (D)
  2 frost giants (D)
  An iron dragon (D)
  A draconian shifter (D)
  3 draconian stormcallers (D)
  3 ghost moths (D)
  2 stone giants (D)
  4 war gargoyles (D)
  3 vampire knights (D)
  2 dire elephants (D)
  Nessos (D)
  A yellow draconian (D)
  Azrael (D)
  An iron golem (D)
  A fire dragon (D)
  3 mummy priests (D)
  Josephine (D)
  5 yaktaur captains (D)
  A naga warrior (D)
  2 hell beasts (D)
  7 vault guards (D)
  An ogre mage (D)
  3 centaur warriors (D)
  4 alligator snapping turtles (D)
  2 hydras (D)
  2 iron elementals (D)
  A two-headed ogre (shapeshifter) (D)
  4 dancing weapons (D)
  4 death yaks (D)
  2 anacondas (D)
  Urug (D)
  2 soul eaters (D)
  2 sun demons (D)
  A shadow wraith (D)
  6 deep elf knights (D)
  6 skeletal warriors (D)
  A glowing orange brain (D)
  A death drake (D)
  2 golden dragon zombies (D)
  A spriggan druid (D)
  2 spectral iron dragons (D)
  A lindwurm (shapeshifter) (D)
  2 obsidian statues (D)
  An orange crystal statue (D)
  2 deep elf zephyrmancers (D)
  A lindwurm (D)
  An orc sorcerer (D)
  4 ugly things (D)
  4 crystal guardians (D)
  A moth of wrath (D)
  2 deep elf pyromancers (D)
  A shining eye (D)
  2 oklob plants (D)
  2 elephants (D)
  3 rust devils (D)
  6 black mambas (D)
  A stone giant skeleton (D)
  A guardian serpent (D)
  8 statues (D)
  Edmund (D)
  2 cane toads (D)
  12 yaktaurs (D)
  An unseen horror (D)
  A rime drake (D)
  A komodo dragon (D)
  2 ice devils (D)
  23 guardian mummies (D)
  A queen bee (D)
  4 spriggan defenders (D)
  2 tyrant leeches (D)
  3 orc high priests (D)
  7 slime creatures (D)
  8 blink frogs (D)
  A raiju (shapeshifter) (D)
  2 snapping turtles (D)
  3 wandering mushrooms (D)
  A jumping spider (shapeshifter) (D)
  8 shadows (D)
  2 spriggans (D)
  A golden eye (D)
  3 redbacks (D)
  2 nagas (D)
  A spatial vortex (D)
  2 iron troll simulacra (D)
  A floating eye (D)
  A water moccasin (D)
  2 hydra simulacra (D)
  A swamp drake (D)
  An orc warrior (D)
  A black mamba simulacrum (D)
  2 centaurs (D)
  An earth elemental (D)
  A necrophage (D)
  A water elemental (D)
  32 killer bees (D)
  An electric eel (D)
  10 quasits (D)
  3 orc priests (D)
  A jelly (D)
  Jessica (D)
  An orc wizard (D)
  4 necromancers (D)
  A wolf simulacrum (D)
  3 humans (D)
  A kobold demonologist (D)
  An adder (D)
  A phantom (D)
  8 orcs (D)
  A bat zombie (D)
  An endoplasm (D)
  2 ball python zombies (D)
  2 giant cockroach simulacra (D)
  2 rats (D)
  7 butterflies (D)
  2 plants (D)
  2 tentacles (D)
373 creatures vanquished.

Vanquished Creatures (collateral kills)
  A frost giant (D)
  2 fire giants (D)
  A mummy priest (D)
  10 vault guards (D)
  A spectral iron dragon (D)
  An orc knight (D)
  An orc warrior (D)
  3 orcs (D)
20 creatures vanquished.

Vanquished Creatures (others)
  A fire giant (D)
  A wizard (D)
  2 bushes (D)
  41 plants (D)
  6 tentacles (D)
51 creatures vanquished.

Grand Total: 444 creatures vanquished

Notes
Turn   | Place    | Note
-------+----------+-------------------------------------------
     0 | D        | mhtbhm the Minotaur Berserker began the quest for the Orb.
     0 | D        | Reached XP level 1. HP: 19/19 MP: 0/0
   111 | D        | Noticed Jessica
   114 | D        | Reached ** piety under Trog
   118 | D        | Killed Jessica
   119 | D        | Reached skill level 5 in Fighting
   119 | D        | Reached skill level 5 in Axes
   119 | D        | Reached XP level 2. HP: 30/30 MP: 1/1
   119 | D        | Reached XP level 3. HP: 37/37 MP: 2/2
   296 | D        | Gained mutation: You are strong-willed. (Will+) [potion of
                  | mutation]
   346 | D        | Noticed a water elemental
   353 | D        | Killed a water elemental
   353 | D        | Reached *** piety under Trog
   354 | D        | Reached XP level 4. HP: 48/48 MP: 3/3
   435 | D        | Found a basalt altar of Yredelemnul.
   435 | D        | Found a shadowy altar of Dithmenos.
   435 | D        | Found a sacrificial altar of Ru.
   435 | D        | Noticed a necrophage
   443 | D        | Killed a necrophage
   444 | D        | Reached XP level 5. HP: 43/57 MP: 4/4
   530 | D        | Found a radiant altar of Vehumet.
   530 | D        | Found a shimmering blue altar of Sif Muna.
   530 | D        | Found an ancient bone altar of Kikubaaqudgha.
   535 | D        | Noticed a soul eater
   537 | D        | Reached skill level 5 in Armour
   539 | D        | Noticed a rust devil
   542 | D        | Noticed a smoke demon
   545 | D        | Reached **** piety under Trog
   798 | D        | Found a hide-covered altar of Uskayaw.
   798 | D        | Found an iron altar of Okawaru.
   798 | D        | Found a bloodstained altar of Trog.
   798 | D        | Found an ornate altar of the Wu Jian Council.
   798 | D        | Noticed a human
   809 | D        | Killed a human
   810 | D        | Reached skill level 10 in Fighting
   810 | D        | Reached skill level 5 in Dodging
   810 | D        | Reached XP level 6. HP: 67/67 MP: 5/5
   810 | D        | Noticed a human
   817 | D        | Killed a human
   818 | D        | Reached skill level 1 in Stealth
   953 | D        | Found a glowing silver altar of Zin.
   953 | D        | Found a glowing golden altar of the Shining One.
   953 | D        | Found a white marble altar of Elyvilon.
   954 | D        | Noticed a deep elf pyromancer
   960 | D        | Killed a deep elf pyromancer
   961 | D        | Reached XP level 7. HP: 69/78 MP: 6/6
  1092 | D        | Noticed a shadow
  1097 | D        | Reached ***** piety under Trog
  1101 | D        | Killed a shadow
  1102 | D        | Reached XP level 8. HP: 85/85 MP: 7/7
  1173 | D        | Found a blossoming altar of Fedhas.
  1173 | D        | Found a stormy altar of Qazlal.
  1173 | D        | Found a snail-covered altar of Cheibriados.
  1173 | D        | Found a burning altar of Makhleb.
  1173 | D        | Found a shimmering altar of Xom.
  1174 | D        | Found a hazy altar of Hepliaklqana.
  1174 | D        | Found an opulent altar of Gozag.
  1174 | D        | Found a sparkling altar of Nemelex Xobeh.
  1174 | D        | Found a corrupted altar of Lugonu.
  1174 | D        | Found a viscous altar of Jiyva.
  1741 | D        | Noticed Josephine
  1752 | D        | Killed Josephine
  1753 | D        | Reached skill level 15 in Axes
  1948 | D        | HP: 4/133 [earth elemental (5)]
  2294 | D        | Noticed a centaur warrior
  2303 | D        | Killed a centaur warrior
  2303 | D        | Received a gift from Trog
  2304 | D        | Reached skill level 15 in Fighting
  2304 | D        | Reached XP level 9. HP: 91/97 MP: 8/8
  2459 | D        | Killed an unseen horror
  2479 | D        | Noticed a wandering mushroom
  2483 | D        | Noticed a wandering mushroom
  2485 | D        | Noticed a wandering mushroom
  2706 | D        | Noticed a cane toad
  2706 | D        | Noticed a komodo dragon
  2706 | D        | Noticed a cane toad
  2711 | D        | Killed a komodo dragon
  2711 | D        | Received a gift from Trog
  2714 | D        | Killed a cane toad
  2721 | D        | Killed a cane toad
  2722 | D        | Reached XP level 10. HP: 98/108 MP: 9/9
  2988 | D        | Noticed a lindwurm
  2991 | D        | Killed a lindwurm
  2991 | D        | Received a gift from Trog
  2992 | D        | Reached skill level 10 in Dodging
  2992 | D        | Reached skill level 5 in Stealth
  3227 | D        | Noticed Urug
  3232 | D        | Killed Urug
  3368 | D        | Noticed an orc sorcerer
  3369 | D        | Noticed an orc knight
  3374 | D        | Killed an orc sorcerer
  3376 | D        | Found Bidd's General Store.
  3380 | D        | Reached ****** piety under Trog
  3381 | D        | Identified the +11 executioner's axe "Ciutoic" {flame,
                  | Contam rPois rCorr} (Trog gifted it to you in the Dungeon)
  3381 | D        | Received a gift from Trog
  3392 | D        | Identified the +9 battleaxe of Dim Light {vorpal, Fly rElec
                  | Stlth-} (Trog gifted it to you in the Dungeon)
  3392 | D        | Received a gift from Trog
  3393 | D        | Killed an orc knight
  3627 | D        | Bought a tin of tremorstones (2/2) for 400 gold pieces
  3736 | D        | Noticed a deep elf zephyrmancer
  3736 | D        | Noticed a deep elf pyromancer
  3736 | D        | Noticed a deep elf knight
  3736 | D        | Noticed a deep elf zephyrmancer
  3736 | D        | Noticed a deep elf knight
  3747 | D        | Killed a deep elf knight
  3748 | D        | Reached XP level 11. HP: 86/121 MP: 10/10
  3751 | D        | Killed a deep elf knight
  3754 | D        | Killed a deep elf zephyrmancer
  3754 | D        | Killed a deep elf zephyrmancer
  3757 | D        | Killed a deep elf pyromancer
  3984 | D        | Identified the +12 dagger "Napuit" {freeze, rElec rC+ rN+}
  3984 | D        | Noticed a deep elf high priest
  4035 | D        | Received a gift from Trog
  4036 | D        | Received a gift from Trog
  4037 | D        | Received a gift from Trog
  4044 | D        | Received a gift from Trog
  4051 | D        | Reached skill level 1 in Evocations
  4064 | D        | Received a gift from Trog
  4315 | D        | Noticed Sigmund
  4315 | D        | Noticed Edmund
  4321 | D        | Killed Sigmund
  4322 | D        | Reached skill level 10 in Armour
  4322 | D        | Killed Edmund
  4412 | D        | Noticed a sixfirhy
  4412 | D        | Received a gift from Trog
  4413 | D        | Noticed a soul eater
  4589 | D        | Noticed an obsidian statue
  4593 | D        | Found Epsei's Magic Scroll Shop.
  4593 | D        | Found Ycoumumy's Antique Weapon Shoppe.
  4593 | D        | Found Mippiceb's Book Emporium.
  4593 | D        | Found Afaepom's Distillery.
  4593 | D        | Found Qiezomic's Magic Scroll Emporium.
  4593 | D        | Found Hedunt's Jewellery Shop.
  4593 | D        | Found Diash's Book Boutique.
  4593 | D        | Found Tulisec's Antique Weapon Shoppe.
  4593 | D        | Found Navvioz's Antique Armour Shop.
  4593 | D        | Found Pujim's Magic Scroll Boutique.
  4593 | D        | Found Itomil's Distillery.
  4639 | D        | Bought a scroll of holy word for 82 gold pieces
  4639 | D        | Bought a scroll of blinking for 82 gold pieces
  4639 | D        | Bought a scroll of magic mapping for 38 gold pieces
  4639 | D        | Bought a scroll of identify for 22 gold pieces
  4639 | D        | Bought a scroll of identify for 22 gold pieces
  4641 | D        | Identified 2 scrolls of acquirement
  4643 | D        | Acquired 365 gold pieces
  4647 | D        | Acquired 991 gold pieces
  4654 | D        | Bought the ring "Uzajeshre" {Will+ EV+4 Slay+2} for 798
                  | gold pieces
  4662 | D        | Bought a potion of haste for 130 gold pieces
  4667 | D        | Bought a potion of heal wounds for 65 gold pieces
  4667 | D        | Bought a potion of heal wounds for 65 gold pieces
  4667 | D        | Bought a potion of curing for 39 gold pieces
  4667 | D        | Bought a potion of heal wounds for 65 gold pieces
  4667 | D        | Bought a potion of heal wounds for 65 gold pieces
  4667 | D        | Bought a potion of might for 52 gold pieces
  4671 | D        | Bought a scroll of enchant armour for 97 gold pieces
  4672 | D        | Bought a scroll of enchant armour for 90 gold pieces
  4672 | D        | Bought a scroll of holy word for 90 gold pieces
  4686 | D        | Noticed a crystal guardian
  4694 | D        | Killed an obsidian statue
  4701 | D        | Killed a crystal guardian
  4970 | D        | Noticed a crystal guardian
  4970 | D        | Noticed a crystal guardian
  4970 | D        | Noticed a crystal guardian
  4973 | D        | Killed a crystal guardian
  4974 | D        | Reached XP level 12. HP: 127/134 MP: 11/11
  5000 | D        | Received a gift from Trog
  5185 | D        | Received a gift from Trog
  5299 | D        | Noticed a fire dragon
  5310 | D        | Killed a fire dragon
  5595 | D        | Noticed a centaur warrior
  5599 | D        | Killed a centaur warrior
  5793 | D        | Received a gift from Trog
  5910 | D        | Noticed a yaktaur captain
  5984 | D        | Killed a yaktaur captain
  6287 | D        | Received a gift from Trog
  6337 | D        | Noticed a vampire knight
  6339 | D        | Killed a vampire knight
  6347 | D        | Noticed a bone dragon
  6359 | D        | Killed a bone dragon
  6411 | D        | Received a gift from Trog
  6415 | D        | Reached XP level 13. HP: 146/146 MP: 12/12
  6660 | D        | Noticed a vampire knight
  6667 | D        | Killed a vampire knight
  6667 | D        | Received a gift from Trog
  6794 | D        | Noticed a vampire knight
  6799 | D        | Killed a vampire knight
  6871 | D        | Received a gift from Trog
  6883 | D        | Noticed a bone dragon
  6894 | D        | Killed a bone dragon
  7107 | D        | Noticed Chuck
  7118 | D        | Killed Chuck
  7119 | D        | Reached skill level 15 in Armour
  7119 | D        | Reached skill level 10 in Stealth
  7355 | D        | Gained mutation: You are frail. (-10% HP) [mutagenic glow]
  8096 | D        | Noticed Azrael
  8100 | D        | Killed Azrael
  8150 | D        | Acquired 780 gold pieces
  8198 | D        | Received a gift from Trog
  8315 | D        | Noticed Rupert
  8322 | D        | Killed Rupert
  8323 | D        | Reached skill level 27 in Axes
  8378 | D        | Noticed a dire elephant
  8378 | D        | Noticed a dire elephant
  8378 | D        | Noticed Gastronok
  8387 | D        | Killed a dire elephant
  8387 | D        | Killed a dire elephant
  8388 | D        | Reached skill level 1 in Throwing
  8388 | D        | Received a gift from Trog
  8394 | D        | Killed Gastronok
  8435 | D        | Noticed an azure jelly
  8435 | D        | Noticed an azure jelly
  8435 | D        | Noticed an azure jelly
  8439 | D        | Noticed an azure jelly
  8482 | D        | Received a gift from Trog
  8781 | D        | Received a gift from Trog
  8788 | D        | Reached XP level 14. HP: 136/148 MP: 13/13
  8887 | D        | Noticed a nagaraja
  8889 | D        | Found Nenin's Book Boutique.
  8889 | D        | Found Oshesk's Magic Scroll Emporium.
  8892 | D        | Received a gift from Trog
  8897 | D        | Killed a nagaraja
  8901 | D        | Found Yduegel's Antique Weapon Shop.
  9113 | D        | Bought a scroll of blinking for 75 gold pieces
  9129 | D        | Got a serpentine rune of Zot
  9319 | D        | Received a gift from Trog
  9422 | D        | Found a blossoming altar of Fedhas.
  9427 | D        | Reached skill level 27 in Fighting
  9537 | D        | Noticed a kraken
  9548 | D        | Killed a kraken
  9631 | D        | Received a gift from Trog
 10002 | D        | Found Batut's Distillery.
 10002 | D        | Found Ribochy's Antique Armour Shop.
 10002 | D        | Found Uxtuut's Book Boutique.
 10023 | D        | Got a barnacled rune of Zot
 10033 | D        | Bought a shiny scale mail for 189 gold pieces
 10039 | D        | Bought a potion of resistance for 110 gold pieces
 10039 | D        | Bought a potion of curing for 33 gold pieces
 10039 | D        | Bought a potion of resistance for 110 gold pieces
 10039 | D        | Bought a potion of heal wounds for 55 gold pieces
 10039 | D        | Bought a potion of curing for 33 gold pieces
 10039 | D        | Bought a potion of resistance for 110 gold pieces
 10260 | D        | Received a gift from Trog
 10424 | D        | Identified the +8 broad axe of Woisois {speed, rCorr}
 10989 | D        | Noticed Sojobo
 11026 | D        | Killed Sojobo
 11082 | D        | Noticed a lich
 11087 | D        | Killed a lich
 11087 | D        | Received a gift from Trog
 11147 | D        | Noticed a shadow dragon
 11148 | D        | Noticed a shadow dragon
 11164 | D        | Killed a shadow dragon
 11166 | D        | Killed a shadow dragon
 11888 | D        | Received a gift from Trog
 11889 | D        | Reached skill level 15 in Dodging
 12201 | D        | Noticed Boris
 12216 | D        | Killed Boris
 12217 | D        | Reached skill level 1 in Shields
 12240 | D        | Received a gift from Trog
 12559 | D        | Found Hierch's Armour Emporium.
 12559 | D        | Found Pocuh's Armour Shop.
 12559 | D        | Found Wicwyuj's Armour Shop.
 12559 | D        | Found Xeuklah's Armour Shoppe.
 12566 | D        | Reached skill level 15 in Stealth
 12592 | D        | Reached XP level 15. HP: 70/156 MP: 14/14
 12995 | D        | Noticed a frost giant
 12995 | D        | Noticed a titan
 12995 | D        | Noticed a frost giant
 12995 | D        | Noticed a quicksilver dragon
 12995 | D        | Noticed a fire giant
 12995 | D        | Noticed a fire giant
 12995 | D        | Noticed a fire giant
 12996 | D        | Noticed a fire giant
 13006 | D        | Received a gift from Trog
 13008 | D        | Reached skill level 5 in Shields
 13009 | D        | Killed a quicksilver dragon
 13014 | D        | Killed a fire giant
 13014 | D        | Received a gift from Trog
 13015 | D        | Found the +12 pair of quick blades "Gyre" and "Gimble"
                  | {protect}
 13019 | D        | Killed a frost giant
 13032 | D        | Killed a fire giant
 13035 | D        | Killed a fire giant
 13035 | D        | Received a gift from Trog
 13043 | D        | Killed a frost giant
 13044 | D        | Killed a fire giant
 13044 | D        | Received a gift from Trog
 13045 | D        | Reached skill level 10 in Shields
 13086 | D        | Received a gift from Trog
 13152 | D        | Identified the +5 longbow "Cumau" {freeze, rElec Str-5
                  | Dex+6}
 13185 | D        | Killed a titan
 13209 | D        | Got a silver rune of Zot
 13471 | D        | Acquired a +2 cloak of poison resistance
 13501 | D        | Noticed a sphinx
 13501 | D        | Noticed a sphinx
 13513 | D        | Killed a sphinx
 13513 | D        | Received a gift from Trog
 13516 | D        | Killed a sphinx
 13821 | D        | Received a gift from Trog
 14892 | D        | Noticed Mennas
 14915 | D        | Killed Mennas
 14916 | D        | Reached skill level 15 in Shields
 15093 | D        | Received a gift from Trog
 15690 | D        | Noticed Roxanne
 15704 | D        | Killed Roxanne
 15777 | D        | Found Fennor's Armour Boutique.
 15786 | D        | Received a gift from Trog
 15849 | D        | Reached skill level 5 in Evocations
 15856 | D        | Received a gift from Trog
 15862 | D        | Reached XP level 16. HP: 164/164 MP: 15/15
 15941 | D        | Identified the +12 war axe "Zagrakeu" {vorpal, rPois Dex+6}
                  | (Trog gifted it to you in the Dungeon)
 15941 | D        | Received a gift from Trog
 15942 | D        | Reached skill level 27 in Armour
 16037 | D        | Noticed an Executioner
 16044 | D        | Killed an Executioner
 16153 | D        | Noticed Nessos
 16163 | D        | Killed Nessos
 16163 | D        | Received a gift from Trog
 16212 | D        | Gained mutation: You are very frail. (-20% HP) [a shining
                  | eye]
 16214 | D        | Gained mutation: You are dopey. (Int -2) [a shining eye]
 16322 | D        | Noticed a deep elf blademaster
 16322 | D        | Noticed a deep elf blademaster
 16323 | D        | Noticed a deep elf blademaster
 16323 | D        | Noticed a deep elf blademaster
 16345 | D        | Killed a deep elf blademaster
 16347 | D        | Killed a deep elf blademaster
 16347 | D        | Received a gift from Trog
 16348 | D        | Killed a deep elf blademaster
 16352 | D        | Killed a deep elf blademaster
 16727 | D        | Noticed a Killer Klown
 16756 | D        | Killed a Killer Klown
 16917 | D        | Noticed an Orb Guardian
 16917 | D        | Noticed an Orb Guardian
 16924 | D        | Killed an Orb Guardian
 16931 | D        | Killed an Orb Guardian
 16933 | D        | Received a gift from Trog
 17043 | D        | Noticed an ancient lich
 17052 | D        | Killed an ancient lich
 17064 | D        | Noticed an electric golem
 17074 | D        | Killed an electric golem
 17074 | D        | Received a gift from Trog
 17164 | D        | Reached skill level 27 in Shields
 17289 | D        | Found the +4 dragonskin cloak
 17289 | D        | Noticed Tiamat
 17323 | D        | Killed Tiamat
 17323 | D        | Received a gift from Trog
 17849 | D        | Identified the +3 hand axe of Ciongygiun {flame, Str+2
                  | Stlth+} (Trog gifted it to you in the Dungeon)
 17849 | D        | Received a gift from Trog
 17860 | D        | Noticed Geryon
 17891 | D        | Killed Geryon
 17952 | D        | Noticed an iron giant
 17964 | D        | Killed an iron giant
 17964 | D        | Received a gift from Trog
 18155 | D        | Reached XP level 17. HP: 152/152 MP: 16/16
 18163 | D        | Received a gift from Trog
 18201 | D        | Noticed a Hell Sentinel
 18207 | D        | Reached skill level 10 in Evocations
 18220 | D        | Killed a Hell Sentinel
 18223 | D        | Identified the +0 tower shield of Theory {Str+3 Dex+3
                  | Stlth+}
 18223 | D        | Identified the +13 tower shield of Resilience {Harm rF+
                  | Str+5}
 18433 | D        | Noticed the Serpent of Hell
 18435 | D        | Noticed a Brimstone Fiend
 18452 | D        | Killed the Serpent of Hell
 18457 | D        | Killed a Brimstone Fiend
 18979 | D        | Noticed a royal mummy
 18996 | D        | Killed a royal mummy
 19026 | D        | Noticed Gloorx Vloq
 19026 | D        | Noticed a royal mummy
 19027 | D        | Received a gift from Trog
 19035 | D        | Killed a royal mummy
 19036 | D        | HP: 10/228 [??? (12)]
 19046 | D        | Killed Gloorx Vloq
 19555 | D        | Received a gift from Trog
 19633 | D        | Noticed a royal mummy
 19651 | D        | Killed a royal mummy
 19730 | D        | Received a gift from Trog
 19802 | D        | Received a gift from Trog
 19810 | D        | Noticed Ereshkigal
 19810 | D        | Noticed a royal mummy
 19813 | D        | Noticed a royal mummy
 19836 | D        | Killed a royal mummy
 19837 | D        | Reached skill level 15 in Evocations
 19847 | D        | Killed from afar by Ereshkigal

Illustrated notes

Levels and vault maps discovered:
D:        dungeon_sprint_mu [sprint_mu_entry_forest, sprint_mu_temple_rooms,
          sprint_mu_d1_horrors, sprint_mu_d2_genie, sprint_mu_d3_branching,
          sprint_mu_orc_legion, sprint_mu_elf_gauntlet, sprint_mu_hive_nellie,
          sprint_mu_lair_fedhas, sprint_mu_vaults_butterflies,
          sprint_mu_slime_circle, sprint_mu_shoals_kraken,
          sprint_mu_snake_twists, sprint_mu_blade_basic,
          sprint_mu_crypt_chambers, sprint_mu_tomb_spiral,
          sprint_mu_vestibule_basic, sprint_mu_gehenna_hellfire,
          sprint_mu_dis_giant, sprint_mu_tartarus_statrot,
          sprint_mu_cocytus_islands, sprint_mu_zot1]

Skill      XL: |  1  2  3  4  5  6  7  8  9 10 11 12 13 14 15 16 17 |
---------------+----------------------------------------------------+-----
Fighting       | 5 7 9 10 12 15 16 18 20 22 26 27 | 27.0
Axes           | 5 7 9 11 13 14 16 18 20 23 25 27 | 27.0
Armour         | 3 4 5 6 7 8 10 13 16 22 26 27 | 27.0
Dodging        | 3 4 5 6 7 8 9 10 11 13 16 19 22 25 | 25.9
Stealth        | 1 3 4 6 7 9 11 15 16 19 21 | 21.8
Evocations     | 2 5 9 15 | 15.3
Throwing       | 2 4 |  4.6
Shields        | 3 17 27 | 27.0

Action                   |  1- 3 |  4- 6 |  7- 9 | 10-12 | 13-15 | 16-18 || total
-------------------------+-------+-------+-------+-------+-------+-------++-------
Melee: Hand axe          |    21 |    42 |    53 |       |       |       ||   116
       Headbutt          |     3 |     7 |    19 |    29 |   125 |    94 ||   277
       Punch             |       |       |     1 |       |       |       ||     1
       Battleaxe         |       |       |    25 |    39 |   202 |       ||   266
       Executioner's axe |       |       |       |   138 |    32 |       ||   170
       Broad axe         |       |       |       |       |   223 |   366 ||   589
Throw: Dart              |       |       |       |       |     2 |       ||     2
Invok: Berserk           |     3 |     3 |     5 |    14 |    21 |    11 ||    57
       Brothers in Arms  |       |       |       |     2 |     5 |     1 ||     8
       Trog's Hand       |       |       |       |       |     1 |       ||     1
Evoke: Phantom mirror    |       |       |       |     2 |     2 |     3 ||     7
       Tin of tremorston |       |       |       |     5 |     2 |     6 ||    13
       Wand              |       |       |       |       |       |     1 ||     1
  Use: Potion            |     1 |       |       |     5 |     9 |     6 ||    21
       Scroll            |       |       |       |     6 |    11 |       ||    17
 Stab: Sleeping          |       |       |       |     8 |     5 |     1 ||    14
       Distracted        |       |       |       |       |     1 |     1 ||     2
Armor: Animal skin       |     1 |       |       |       |       |       ||     1
       Robe              |     1 |     4 |     4 |     3 |       |       ||    12
       Scale mail        |       |       |       |    30 |    68 |       ||    98
       Plate armour      |       |       |       |       |    26 |   104 ||   130
Dodge: Dodged            |    10 |     9 |    19 |   114 |   225 |    79 ||   456
Block: Tower shield      |       |       |       |       |   123 |   259 ||   382
       Reflection        |       |       |       |       |    10 |     8 ||    18

Table legend: (Time is in decaauts) A = Elapsed time spent in this place. B = Non-inter-level travel time spent in this place. C = Inter-level travel time spent in this place. D = Time resting spent in this place. E = Time spent auto-exploring this place. F = Levels seen in this place. G = Mean time per level. A B C D E F G +--------+--------+--------+--------+--------+-----+--------+ Total | 20007 | 19678 | 329 | 15363 | 1 | 1 | 20007.0 | Dungeon | 20007 | 19678 | 329 | 15363 | 1 | 1 | 20007.0 | +--------+--------+--------+--------+--------+-----+--------+

Top non-repeatable levels by time:
       D: 20007 daAuts
